 Dungeon Sprint DCSS version 0.29.1-15-g9cfb28693d (webtiles) character file.

Game seed: 2155406329439615137

120 Groucho the Ducker (level 4, -1/21 HPs)
             Began as a Spriggan Earth Elementalist on Mar 4, 2023.
             Killed from afar by a wizard (22 damage)
             ... with a fireball
             ... in the Dungeon (Sprint III: "The Ten Rune Challenge").
             The game lasted 00:02:20 (916 turns).

Groucho the Ducker (Spriggan Earth Elementalist)     Turns: 916, Time: 00:02:21

Health: -1/21      AC:  2    Str:  4    XL:     4   Next: 75%
Magic:  11/12      EV: 19    Int: 18    God:
Gold:   36         SH:  0    Dex: 15    Spells: 9/13 levels left

rFire   . . .      SeeInvis +   (weapon restricted)
rCold   . . .      Faith    .   (no shield)
rNeg    . . .      Spirit   .   a - +0 robe
rPois   .          Reflect  .   (helmet restricted)
rElec   .          Harm     .   (no cloak)
rCorr   .          Rampage  .   (gloves unavailable)
Will    .....      NoTele   +   (boots unavailable)
Stlth   ++........              (no amulet)
HPRegen 0.07/turn               (no ring)
MPRegen 0.13/turn               (no ring)

@: very quick
A: very small, no large weapons, unfitting armour, see invisible, speed 3
a: no special abilities


You were in the Dungeon.
You visited 1 branch You collected 36 gold pieces.

Inventory:

Armour
 a - a +0 robe (worn)
Scrolls
 g - a scroll of blinking
 j - a scroll of torment {unknown}
 k - a scroll of brand weapon {unknown}
 n - a scroll of poison {unknown}
 o - a scroll of identify {unknown}
Potions
 b - 3 potions of magic
 c - a potion of curing
 d - a potion of heal wounds
 e - 2 potions of haste
 f - a potion of berserk rage
 h - a potion of invisibility {unknown}
 i - 2 potions of mutation {unknown}
 l - a potion of ambrosia {unknown}
 m - a potion of flight {unknown}
 p - 2 potions of degeneration {unknown}


   Skills:
 + Level 5.7 Dodging
 - Level 3.0 Stealth
 + Level 5.3 Spellcasting
 * Level 3.9 Conjurations
 - Level 1.3 Transmutations
 * Level 5.7 Earth Magic


You had 9 spell levels left.
You knew the following spells:

 Your Spells              Type           Power      Damage    Failure   Level
a - Sandblast             Erth           50%        2d12      1%          1
b - Stone Arrow           Conj/Erth      44%        3d9       5%          3

Your spell library contained the following spells:

 Spells                   Type           Power      Damage    Failure   Level
 Passwall                 Tmut/Erth      14%        N/A       4%          2
 Petrify                  Tmut/Erth      17%        N/A       30%         4


Dungeon Overview and Level Annotations

Branches:
Dungeon (1/1)

Altars:
Sif Muna
Vehumet


Innate Abilities, Weirdness & Mutations

You are very small and have problems with some larger weapons.
You are too small for most types of armour.
You have supernaturally acute eyesight. (SInv)
You cover ground extremely quickly. (Speed+++)


Message History

You see here a human skeleton.
Casting: Sandblast (safe; 1% risk of failure)
Confirm with . or Enter, or press ? or * to list all spells.
Aiming: Sandblast (safe; 1% risk of failure)
Press: ? - help, Shift-Dir - straight line, f/p - water elemental
Aim: a water elemental (almost destroyed, 90% to hit)
The blast of sand hits the water elemental.
You destroy the water elemental!
Your Dodging skill increases to level 5!
Your Spellcasting skill increases to level 5!
Your Earth Magic skill increases to level 5!
You have reached level 4!
Unknown command.
Unknown command.
Unknown command.
There is an open door to the Ecumenical Temple here.
There is a fountain of clear blue water here.
You start resting.
Magic restored.
You start waiting.
You start waiting.
Done waiting.
You open the door.
Found a radiant altar of Vehumet.
There is a fountain of clear blue water here.
A wizard comes into view. It is wielding a +0 dagger.
Found an Inescapable Atlas.
Found a shimmering blue altar of Sif Muna.
Casting: Sandblast (safe; 1% risk of failure)
Confirm with . or Enter, or press ? or * to list all spells.
Aiming: Sandblast (safe; 1% risk of failure)
Press: ? - help, Shift-Dir - straight line, f - wizard
Aim: a wizard, wielding a +0 dagger and wearing a +0 robe (asleep, 100% to hit)
The blast of sand hits the wizard!
The wizard is severely wounded.
You hear a shout!
The wizard casts a spell at you.
The fireball explodes!
The fireball engulfs you!!
Ouch! That really hurt!
You die...

▓▓▓▓▓▓ ▓▓▓ .#)..#### ##.#
.#......#####..#
##.......#..#..#
.##.##÷.)#..#..###+#+###+
.##.###..##'#..#.........
####.##..###...'.⌠.......
##÷.##..####...#@..#####
....##..###....#.⌠.#
#..##...##.....#...#
..##....#......#'###
.###..##.#.....#.p .#
#..#####....#__ ▓▓ ▓▓▓▓
▓▓▓▓▓▓▓▓


You could see a wizard.

Vanquished Creatures
  A water elemental (D)
  Jessica (D)
  A human (D)
  A wolf (D)
  An endoplasm (D)
  A rat (D)
6 creatures vanquished.

Notes
Turn   | Place    | Note
-------+----------+-------------------------------------------
     0 | D        | Groucho the Spriggan Earth Elementalist began the quest for
                  | the Orb.
     0 | D        | Reached XP level 1. HP: 9/9 MP: 5/5
   137 | D        | Noticed Jessica
   138 | D        | Killed Jessica
   139 | D        | Reached XP level 2. HP: 13/13 MP: 4/7
   332 | D        | Reached XP level 3. HP: 15/16 MP: 4/9
   695 | D        | Learned a level 3 spell: Stone Arrow
   697 | D        | Noticed a water elemental
   717 | D        | Killed a water elemental
   718 | D        | Reached skill level 5 in Dodging
   718 | D        | Reached skill level 5 in Spellcasting
   718 | D        | Reached skill level 5 in Earth Magic
   718 | D        | Reached XP level 4. HP: 21/21 MP: 6/12
   912 | D        | Found a radiant altar of Vehumet.
   915 | D        | Found a shimmering blue altar of Sif Muna.
   915 | D        | Noticed a wizard
   916 | D        | Killed from afar by a wizard

Illustrated notes

Levels and vault maps discovered:
D:        dungeon_sprint_mu [sprint_mu_entry_cave, sprint_mu_temple_rooms,
          sprint_mu_d1_horrors, sprint_mu_d2_genie, sprint_mu_d3_branching,
          sprint_mu_orc_legion, sprint_mu_elf_gauntlet, sprint_mu_hive_nellie,
          sprint_mu_lair_fedhas, sprint_mu_vaults_butterflies,
          sprint_mu_slime_circle, sprint_mu_shoals_archi,
          sprint_mu_snake_twists, sprint_mu_blade_basic, sprint_mu_crypt_lich,
          sprint_mu_tomb_spiral, sprint_mu_vestibule_basic,
          sprint_mu_gehenna_hellfire, sprint_mu_dis_giant,
          sprint_mu_tartarus_statrot, sprint_mu_cocytus_islands, sprint_mu_zot1]

Skill      XL: |  1  2  3 |
---------------+----------+-----
Dodging        | 4 5 |  5.7
Earth Magic    | 4 5 |  5.7
Spellcasting   | 3 4 5 |  5.3
Conjurations   | 2 3 |  3.9
Stealth        | |  3.0
Transmutations | |  1.3

Action                   |  1- 3 |  4- 6 || total
-------------------------+-------+-------++-------
 Cast: Sandblast         |    18 |     1 ||    19
Dodge: Dodged            |     3 |       ||     3
